 Dungeon Crawl Stone Soup version 0.27-a0-1525-g1038ab4fd7 (webtiles) character file.

Game seed: 10196345364739807982

65 raph the Cudgeller (level 3, -1/54 HPs)
             Began as a Troll Berserker on July 10, 2021.
             Was a Believer of Trog.
             Killed from afar by Natasha (7 damage)
             ... with a magic dart
             ... on level 2 of the Dungeon.
             The game lasted 00:02:30 (670 turns).

raph the Cudgeller (Troll Berserker)                 Turns: 670, Time: 00:02:30

Health: -1/54      AC:  4    Str: 25    XL:     3   Next: 92%
Magic:  2/2        EV: 10    Int:  3    God:    Trog [**....]
Gold:   87         SH:  0    Dex: 10    Spells: 2/2 levels left

rFire    . . .     SeeInvis .   a - +0 mace
rCold    . . .     Faith    .   (no shield)
rNeg     . . .     Spirit   .   b - +0 animal skin
rPois    .         Reflect  .   (helmet restricted)
rElec    .         Harm     .   (no cloak)
rCorr    .         Rampage  .   (gloves unavailable)
Will     ++...                  (boots unavailable)
Stlth    ..........             (no amulet)
HPRegen  2.18/turn              (no ring)
MPRegen  0.08/turn              (no ring)

@: berserking, strong-willed (expiring), regenerating (expiring), slowed
A: large, unfitting armour, claws 3, regeneration 1, shaggy fur 1, tough skin 1
a: Renounce Religion, Berserk, Trog's Hand


You were on level 2 of the Dungeon.
You worshipped Trog.
Trog was pleased with you.
You visited 1 branch of the dungeon, and saw 2 of its levels.

You collected 107 gold pieces.
You spent 20 gold pieces at shops.

Inventory:

Hand Weapons
 a - a +0 mace (weapon)
Armour
 b - a +0 animal skin (worn)
Scrolls
 c - a scroll of summoning {unknown}
 e - a scroll of identify
Potions
 d - a potion of heal wounds {unknown}


   Skills:
 - Level 2.4 Fighting
 + Level 4.4 Maces & Flails
 - Level 2.4 Dodging


You had 2 spell levels left.
You didn't know any spells.
Your spell library was empty.

Dungeon Overview and Level Annotations

Branches:
Dungeon (2/15)

Altars:

Shops:
D:1 :[?[

Annotations:
D:2 Jessica, Natasha


Innate Abilities, Weirdness & Mutations

You are too large for most types of armour.
You have claws for hands.
Your natural rate of healing is unusually fast.
You are covered in fur. (AC +1)
You have tough skin. (AC +1)


Message History

Jessica gestures at you while chanting. You resist with some effort.
Natasha hisses.
Jessica closely misses you. Jessica hits you with a +0 dagger.
There is an open door here.
Okay, then.
Jessica casts a spell.
Jessica blinks!
Natasha casts a spell at you. You resist with significant effort.
Jessica completely misses you. Jessica hits you with a +0 dagger.
Jessica barely misses you.
You recover from your berserk rage.
Jessica casts a spell at you. Pain shoots through your body! Natasha claws you.
* * * LOW HITPOINT WARNING * * *
Jessica hits you with a +0 dagger.
* * * LOW HITPOINT WARNING * * *
Jessica closely misses you. Jessica casts a spell at you.
Pain shoots through your body!
* * * LOW HITPOINT WARNING * * *
Natasha claws you.
* * * LOW HITPOINT WARNING * * *
Your skin crawls.
You feel strong-willed.
The shadow imp disappears in a puff of smoke!
Jessica mumbles some strange words.
Jessica blinks!
Natasha claws you.
* * * LOW HITPOINT WARNING * * *
You barely miss Natasha. Natasha closely misses you. x2
A red film seems to cover your vision as you go berserk!
You feel yourself moving faster!
You feel mighty!
You feel the effects of Trog's Hand fading.
Natasha claws you!
* * * LOW HITPOINT WARNING * * *
Natasha casts a spell at you. The magic dart hits you!
You die...

### #.# #.#########
######.@h@.....#
####.......######.#####
###....###.....# #......#
###.(......'.....# #......#
....#.##.###.....# #......#
.?..#.##.# ####### ##'#####
..>.#.##.############.######.#
.............................#
....#.##.############.######.####


You could see Natasha and Jessica (fast).

Vanquished Creatures
  Natasha (D:2)
  6 ball pythons (D:1)
  A bat (D:1)
  An endoplasm (D:1)
  3 giant cockroaches (D:1)
  4 hobgoblins
  10 jackals (D:1)
  2 kobolds (D:1)
  A quokka (D:2)
  A frilled lizard (D:2)
30 creatures vanquished.

Notes
Turn   | Place    | Note
-------+----------+-------------------------------------------
     0 | D:1      | raph the Troll Berserker began the quest for the Orb.
     0 | D:1      | Reached XP level 1. HP: 22/22 MP: 0/0
    20 | D:1      | Reached skill level 3 in Maces & Flails
    48 | D:1      | Found Jiwn's Antique Armour Boutique.
    66 | D:1      | Reached XP level 2. HP: 20/29 MP: 1/1
   128 | D:1      | Found Zar Gos's Book Shop.
   177 | D:1      | Found Wytet's Magic Scroll Emporium.
   185 | D:1      | Bought a scroll of identify for 20 gold pieces
   186 | D:1      | Reached ** piety under Trog
   197 | D:1      | Reached XP level 3. HP: 34/36 MP: 2/2
   227 | D:1      | Found Ruiliodua's Antique Armour Boutique.
   402 | D:1      | Found a faded altar of an unknown god.
   567 | D:2      | Reached skill level 4 in Maces & Flails
   629 | D:2      | Noticed Natasha
   637 | D:2      | Killed Natasha
   646 | D:2      | Noticed Natasha
   650 | D:2      | Noticed Jessica
   667 | D:2      | HP: 1/36 [Natasha (1)]
   670 | D:2      | Killed from afar by Natasha

Illustrated notes

Levels and vault maps discovered:
D:1:      dpeg_arrival_arbitrary_c, layout_basic, serial_shops, shop,
          nicolae_square_shop, shop, shop_coins,
          hellmonk_ecumenical_altar_zigzags
D:2:      layout_basic, serial_glass, glass_columns_b, glass_columns_a,
          uniq_natasha, uniq_jessica

Skill      XL: |  1  2  3 |
---------------+----------+-----
Maces & Flails | 3 4 |  4.4
Fighting       | |  2.4
Dodging        | |  2.4

Action                   || total
-------------------------++-------
Melee: Mace              ||    83
Invok: Berserk           ||     3
       Trog's Hand       ||     1
  Use: Scroll            ||     1
 Stab: Sleeping          ||     1
Armor: Animal skin       ||    50
Dodge: Dodged            ||    80

Table legend: (Time is in decaauts)
 A = Elapsed time spent in this place.
 B = Non-inter-level travel time spent in this place.
 C = Inter-level travel time spent in this place.
 D = Time resting spent in this place.
 E = Time spent auto-exploring this place.
 F = Levels seen in this place.
 G = Mean time per level.
                   A        B        C        D        E       F      G
               +--------+--------+--------+--------+--------+-----+--------+
         Total |    710 |    706 |      4 |     53 |    409 |   2 |  355.0 |
       Dungeon |    710 |    706 |      4 |     53 |    409 |   2 |  355.0 |
               +--------+--------+--------+--------+--------+-----+--------+

Top non-repeatable levels by time:
     D:1: 583 daAuts
     D:2: 127 daAuts
